 Dungeon Crawl Stone Soup version 0.29.1-4-g47bece8355 (webtiles) character file.

Game seed: 10462969994650674425

39 klnnlk the Chopper (level 3, -3/31 HPs)
             Began as a Minotaur Berserker on Dec 4, 2022.
             Was a Believer of Trog.
             Slain by Crazy Yiuf
             ... wielding a +3 quarterstaff of chaos
              (16 damage)
             ... on level 2 of the Dungeon.
             The game lasted 00:03:28 (1669 turns).

klnnlk the Chopper (Minotaur Berserker)             Turns: 1669, Time: 00:03:29

Health: -3/31      AC:  5    Str: 23    XL:     3   Next: 28%
Magic:  2/2        EV: 11    Int:  4    God:    Trog [**....]
Gold:   114        SH:  0    Dex:  9    Spells: 2/2 levels left

rFire   . . .      SeeInvis .   o - +0 war axe
rCold   . . .      Faith    .   (no shield)
rNeg    . . .      Spirit   .   k - +0 ring mail
rPois   .          Reflect  .   (helmet restricted)
rElec   .          Harm     .   (no cloak)
rCorr   .          Rampage  .   (no gloves)
Will    .....                   (no boots)
Stlth   ..........              (no amulet)
HPRegen 0.10/turn               (no ring)
MPRegen 0.08/turn               (no ring)

@: no status effects
A: horns 2, retaliatory headbutt
a: Renounce Religion, Berserk, Trog's Hand


You were on level 2 of the Dungeon.
You worshipped Trog.
Trog was pleased with you.
You visited 1 branch of the dungeon, and saw 2 of its levels.

You collected 114 gold pieces.

Inventory:

Hand Weapons
 a - a +0 hand axe
 o - a +0 war axe (weapon)
 p - a +0 great mace
Armour
 b - a +0 animal skin
 k - a +0 ring mail (worn)
 m - a +0 scale mail
Jewellery
 f - a ring of ice
Scrolls
 c - a scroll of torment {unknown}
 d - a scroll of poison {unknown}
 e - 3 scrolls of noise {unknown}
 g - a scroll of blinking {unknown}
 h - a scroll of enchant armour {unknown}
 l - a scroll of acquirement {unknown}
 r - a scroll of identify {unknown}
 t - a scroll of fog {unknown}
Potions
 i - a potion of invisibility {unknown}
 j - 2 potions of brilliance {unknown}
 n - a potion of mutation {unknown}
 q - a potion of might {unknown}
 s - 2 potions of heal wounds {unknown}


   Skills:
 - Level 3.6 Fighting
 * Level 5.3 Axes
 - Level 2.4 Armour
 - Level 2.1 Dodging


You had 2 spell levels left.
You didn't know any spells.
Your spell library was empty.

Dungeon Overview and Level Annotations

Branches:
Dungeon (2/15)

Altars:

Annotations:
D:2 Crazy Yiuf


Innate Abilities, Weirdness & Mutations

You have a pair of horns on your head.
You reflexively headbutt those who attack you in melee.


Message History

You now have 98 gold pieces (gained 11).
You open the door.
There is an open door here.
As you open the door, it creaks loudly!
There is an open door here.
You now have 102 gold pieces (gained 4).
A quokka comes into view.
You slash the quokka!
You kill the quokka!
Trog accepts your kill.
You see here a quokka corpse.
Found a scroll labelled XAKUAG PYADDAPH.
Found a stone staircase leading up.
No target in view!
t - a scroll labelled XAKUAG PYADDAPH
e - 3 scrolls labelled XERANE BUSMYX (gained 1)
There is a stone staircase leading down here.
You open the door.
There is an open door here.
A rat comes into view.
The rat bites you.
You slash the rat!
You kill the rat!
Trog accepts your kill.
You see here a rat corpse.
You now have 114 gold pieces (gained 12).
You see here a rat skeleton.
There is an open door here.
Crazy Yiuf shouts!
You open the door. You hit Crazy Yiuf.
Crazy Yiuf is moderately wounded.
Crazy Yiuf hits you with a +3 quarterstaff of chaos!
You are electrocuted!
You completely miss Crazy Yiuf. You headbutt Crazy Yiuf!
Crazy Yiuf is severely wounded.
Crazy Yiuf grits, "Proton sow verde!"
Crazy Yiuf hits you with a +3 quarterstaff of chaos!
Ouch! That really hurt!
You die...

#####..#####.#......#
#....# #.#......#
♣.PPP♣ #.#......#
♣.PP♣♣ #.###'####
♣♣.♣♣ #.###.######
♣.♣♣ #>'.......÷.
♣♣.♣ #.##########
♣.♣♣ #.# ###### ♣♣@♣
#.# #....# #g# #.#
#....# ... #.# #....#
#...# #.# #....#
#..)# #.# #....#
##### #'#####....#
#†.........'
#####.†........#
#......)...#'###


You could see Crazy Yiuf.

Vanquished Creatures
  A dart slug (D:1)
  2 bats (D:2)
  3 endoplasms
  6 goblins
  2 hobgoblins
  3 kobolds
  2 quokkas (D:2)
  6 ball pythons
  2 frilled lizards (D:1)
  9 rats
36 creatures vanquished.

Notes
Turn   | Place    | Note
-------+----------+-------------------------------------------
     0 | D:1      | klnnlk the Minotaur Berserker began the quest for the Orb.
     0 | D:1      | Reached XP level 1. HP: 19/19 MP: 0/0
   107 | D:1      | Reached skill level 4 in Axes
   356 | D:1      | Reached XP level 2. HP: 25/26 MP: 1/1
   880 | D:1      | Found a faded altar of an unknown god.
  1129 | D:2      | Reached skill level 5 in Axes
  1236 | D:2      | Reached XP level 3. HP: 31/31 MP: 2/2
  1361 | D:2      | Found a runed translucent door.
  1362 | D:2      | Noticed Crazy Yiuf
  1393 | D:2      | Reached ** piety under Trog
  1669 | D:2      | Slain by Crazy Yiuf

Illustrated notes

Levels and vault maps discovered:
D:1:      minmay_arrival_wavy_path, layout_loops_ring, serial_forest,
          infiniplex_forest_lined_2, infiniplex_forest_lined_2,
          infiniplex_forest_lined_4_way, infiniplex_forest_lined_ring,
          infiniplex_forest_lined_3, infiniplex_forest_join,
          infiniplex_forest_lined_3_way, infiniplex_forest_lined_1,
          shapermc_ecumenical_altar_venn
D:2:      layout_basic, uniq_crazy_yiuf_cottage

Skill      XL: |  1  2 |
---------------+-------+-----
Axes           | 4 5 |  5.3
Fighting       | |  3.6
Armour         | |  2.4
Dodging        | |  2.1

Action                   || total
-------------------------++-------
Melee: Hand axe          ||    39
       Headbutt          ||    10
       Punch             ||     1
       War axe           ||    22
Armor: Animal skin       ||     4
       Ring mail         ||    13
Dodge: Dodged            ||    42
